Map: Molten Temple

Players

Loken - Winner!

  • Race: Zerg Zerg
  • League: Platinum
  • Spawn Location: 3:00

dallaskuken - Winner!

  • Race: Protoss Protoss
  • League: Platinum
  • Spawn Location: 3:00

Myran - Winner!

  • Race: Protoss Protoss
  • Spawn Location: 3:00

KraozDanasty

  • Race: Protoss Protoss
  • League: Gold
  • Spawn Location: 9:00

Selvin

  • Race: Protoss Protoss
  • Spawn Location: 9:00

THCnero

  • Race: Zerg Zerg
  • League: Platinum
  • Spawn Location: 9:00

VOD

Have the link to the VOD?

Description

Time

  • Played on: March 14, 2017, 8:03 p.m.
  • Length: 14:26
Show
View Real Time Build Order
Export as new Build Order

Loken Zerg - Winner!

Build Orders: Hatch First 

Get SALT Encoding   

  12  0:01  Drone  
  13  0:09  Drone  
  14  0:17  Overlord  
  14  0:36  Drone  
  14  0:37  Drone x2  
  17  0:55  Hatchery  
  16  0:59  Drone  
  16  1:02  Drone  
  18  1:19  Spawning Pool, Drone  
  18  1:29  Drone  
  19  1:35  Extractor  
  19  1:36  Drone  
  19  1:40  Drone  
  20  1:51  Overlord  
  20  2:04  Drone  
  20  2:06  Queen  
  23  2:09  Queen  
  23  2:11  Drone  
  26  2:24  Drone x2  
  26  2:28  Extractor  
  27  2:33  Drone x2  
  29  2:41  Drone x2  
  31  2:49  Overlord  
  31  2:52  Metabolic Boost  
  31  2:55  Zergling x2  
  31  2:58  Zergling x2  
  33  3:09  Drone x2  
  33  3:12  Hatchery  
  34  3:21  Drone x6  
  34  3:22  Drone  
  41  3:42  Lair  
  41  3:54  Zergling x4  
  41  3:55  Zergling x2  
  44  3:59  Overlord x4  
  44  4:09  Extractor  
  43  4:12  Extractor  
  43  4:14  Zergling x4  
  42  5:05  Zergling x2  
  42  5:06  Zergling x36  
  58  5:17  Queen  
  58  5:19  Drone x3  
  63  5:37  Drone, Evolution Chamber  
  63  5:38  Drone x4  
  63  5:40  Evolution Chamber  
  66  5:52  Extractor  
  66  5:54  Extractor  
  66  5:56  Drone x8  
  72  6:14  Zerg Melee Weapons Level 1, Zerg Ground Armor Level 1  
  72  6:20  Spire  
  72  6:22  Infestation Pit  
  70  6:28  Spore Crawler  
  70  6:32  Spore Crawler  
  68  6:35  Spore Crawler  
  68  6:39  Spine Crawler  
  66  6:40  Spine Crawler  
  66  6:43  Spine Crawler  
  66  6:45  Spine Crawler  
  66  6:46  Drone  
  68  6:47  Drone x17  
  81  7:08  Overlord x5  
  60  8:02  Hydralisk Den  
  59  8:29  Hatchery  
  59  8:33  Hydralisk  
  58  8:34  Hatchery, Hydralisk x10  
  58  8:35  Hydralisk x14  
  107  8:41  Muscular Augments  
  107  8:48  Overseer x2  
  107  8:49  Overseer  
  107  8:51  Pneumatized Carapace  
  107  8:59  Zerg Melee Weapons Level 2  
  107  9:00  Zerg Ground Armor Level 2  
  107  9:06  Evolution Chamber  
  106  9:25  Overlord  
  106  9:26  Overlord x3  
  106  9:34  Queen  
  106  9:36  Hive  
  106  9:38  Zerg Missile Weapons Level 1  
  108  9:46  Drone  
  108  9:47  Drone x5  
  114  9:53  Drone x2  
  114  9:54  Drone x4  
  114  9:55  Drone x5  
  114  9:58  Hydralisk x4  
  114  9:59  Hydralisk x7  
  147  10:10  Queen  
  149  10:26  Overlord  
  149  10:27  Overlord x9  
  149  10:47  Adrenal Glands  
  149  10:54  Hydralisk x7  
  149  10:55  Hydralisk x4  
  171  11:11  Zergling x2  
  171  11:12  Zergling x26  
  185  11:45  Zergling x8  
  185  11:46  Zergling x22  
  135  12:26  Zergling x2  
  135  12:27  Zergling x32  
  141  13:18  Zergling x12  
  141  13:19  Zergling x40  
  169  13:20  Zergling x8  
Show
View Real Time Build Order
Export as new Build Order

dallaskuken Protoss - Winner!

Build Orders: Nexus First, Zealot Archon 

Get SALT Encoding   

  12  0:01  Probe (Chrono Boost)  
  13  0:12  Probe (Chrono Boost)  
  14  0:24  Pylon  
  14  0:26  Probe (Chrono Boost)  
  16  0:43  Probe (Chrono Boost)  
  16  0:53  Probe (Chrono Boost)  
  17  1:04  Probe (Chrono Boost)  
  18  1:05  Nexus  
  18  1:14  Probe (Chrono Boost)  
  19  1:23  Pylon  
  19  1:25  Probe (Chrono Boost)  
  20  1:35  Probe (Chrono Boost)  
  21  1:41  Gateway  
  21  1:46  Probe (Chrono Boost)  
  22  1:56  Probe (Chrono Boost)  
  23  2:06  Assimilator  
  23  2:07  Probe (Chrono Boost)  
  24  2:17  Probe x2 (Chrono Boost)  
  26  2:26  Pylon  
  26  2:28  Probe x2 (Chrono Boost)  
  28  2:38  Probe (Chrono Boost)  
  28  2:39  Probe (Chrono Boost)  
  28  2:40  Cybernetics Core  
  30  2:46  Assimilator  
  30  2:49  Probe x2 (Chrono Boost)  
  32  2:52  Gateway  
  32  2:57  Forge  
  32  3:00  Probe x2 (Chrono Boost)  
  34  3:07  Pylon  
  34  3:10  Probe x2 (Chrono Boost)  
  36  3:14  Pylon  
  36  3:21  Probe x2 (Chrono Boost)  
  38  3:28  Warp Gate  
  38  3:29  Pylon  
  38  3:31  Probe x2 (Chrono Boost)  
  38  3:33  Photon Cannon  
  40  3:34  Photon Cannon  
  40  3:42  Probe (Chrono Boost)  
  40  3:43  Probe (Chrono Boost)  
  42  3:50  Assimilator  
  42  3:52  Assimilator, Probe (Chrono Boost)  
  42  3:55  Probe (Chrono Boost)  
  44  3:58  Gateway  
  44  4:03  Probe (Chrono Boost)  
  44  4:04  Photon Cannon  
  44  4:06  Photon Cannon  
  45  4:10  Pylon  
  45  4:12  Pylon  
  45  4:25  Robotics Facility  
  45  4:30  Twilight Council  
  45  4:57  Photon Cannon  
  45  5:08  Blink  
  45  5:13  Observer  
  46  5:19  Robotics Bay  
  46  5:49  Pylon  
  46  5:51  Pylon  
  46  5:56  Nexus  
  46  6:01  Immortal  
  50  6:13  Templar Archives  
  50  6:19  Stalker  
  50  6:20  Stalker x2  
  56  6:38  Assimilator  
  56  6:39  Colossus  
  56  6:43  Assimilator, Pylon  
  56  6:45  Pylon  
  62  6:47  Pylon  
  62  6:58  Gateway  
  62  6:59  Gateway  
  62  7:01  Probe (Chrono Boost)  
  62  7:02  Gateway  
  62  7:04  Gateway  
  62  7:07  Gateway, Probe (Chrono Boost)  
  65  7:08  Probe (Chrono Boost)  
  65  7:12  Probe (Chrono Boost)  
  65  7:13  High Templar x3  
  72  7:19  Probe x2 (Chrono Boost)  
  75  7:22  Probe (Chrono Boost)  
  75  7:27  Archon  
  75  7:29  Probe (Chrono Boost)  
  77  7:31  Probe (Chrono Boost)  
  77  7:33  Probe (Chrono Boost)  
  78  7:40  Probe (Chrono Boost)  
  78  7:43  Probe (Chrono Boost)  
  78  7:44  Probe (Chrono Boost)  
  81  7:45  Colossus  
  81  7:50  Probe (Chrono Boost)  
  88  7:55  Probe (Chrono Boost)  
  88  7:57  Protoss Ground Weapons Level 1  
  89  8:05  High Templar x3  
  95  8:19  Probe (Chrono Boost)  
  96  8:26  Archon  
  96  8:29  Probe (Chrono Boost)  
  97  8:34  Archon  
  97  8:35  Colossus  
  97  8:40  Probe (Chrono Boost)  
  104  8:50  Pylon  
  104  8:53  Photon Cannon  
  104  8:55  Photon Cannon  
  104  9:00  Photon Cannon  
  104  9:04  Photon Cannon  
  104  9:05  Photon Cannon  
  104  9:09  Photon Cannon  
  104  9:13  High Templar x4  
  104  9:14  High Templar x2  
  116  9:20  Archon x3  
  116  9:22  Colossus  
  116  9:23  Sentry x2  
  126  9:36  Protoss Ground Armor Level 1  
  126  9:46  Forge  
  126  10:07  Protoss Ground Weapons Level 2  
  126  10:08  Colossus  
  126  10:16  Pylon x2  
  126  10:18  Pylon  
  126  10:21  Pylon x2  
  132  10:23  Pylon  
  132  10:25  High Templar x2  
  136  10:30  Archon  
  136  10:55  Colossus  
  136  10:59  Stalker  
  136  11:00  Stalker x4  
  136  11:01  Stalker  
  154  11:13  High Templar x2  
  154  11:15  Protoss Shields Level 1  
  158  11:42  Colossus  
  158  11:43  Archon  
  76  12:20  Extended Thermal Lance  
  76  12:35  High Templar x5  
  86  12:42  Observer  
  87  13:05  High Templar x3  
  91  13:07  Archon x2  
  91  13:10  Archon  
  91  13:11  Archon  
  93  13:15  Stalker x2  
  93  13:16  Stalker  
  99  13:24  Colossus  
Show
View Real Time Build Order
Export as new Build Order

Myran Protoss - Winner!

Build Orders:  

Get SALT Encoding   

  12  0:01  Probe (Chrono Boost)  
  13  0:16  Probe (Chrono Boost)  
  14  0:33  Probe (Chrono Boost)  
  15  0:36  Pylon  
  15  0:52  Pylon  
  15  1:04  Probe (Chrono Boost)  
  16  1:06  Forge  
  16  1:14  Pylon, Probe (Chrono Boost)  
  17  1:21  Pylon  
  16  1:40  Probe (Chrono Boost)  
  16  1:45  Assimilator  
  16  1:47  Assimilator  
  17  1:50  Pylon  
  17  1:51  Probe (Chrono Boost)  
  18  2:04  Probe (Chrono Boost)  
  19  2:14  Nexus  
  19  2:17  Probe (Chrono Boost)  
  20  2:23  Gateway  
  20  2:28  Probe (Chrono Boost)  
  21  2:38  Probe (Chrono Boost)  
  22  2:51  Photon Cannon, Probe (Chrono Boost)  
  23  3:06  Probe (Chrono Boost)  
  24  3:13  Pylon  
  24  3:15  Cybernetics Core, Assimilator  
  24  3:16  Probe (Chrono Boost)  
  25  3:20  Assimilator  
  26  3:27  Probe (Chrono Boost)  
  26  3:34  Probe (Chrono Boost)  
  27  3:44  Probe (Chrono Boost)  
  28  3:55  Probe (Chrono Boost)  
  29  3:56  Probe (Chrono Boost)  
  30  4:05  Probe (Chrono Boost)  
  30  4:06  Stargate x2, Probe (Chrono Boost)  
  32  4:16  Probe (Chrono Boost)  
  33  4:17  Probe (Chrono Boost)  
  34  4:26  Probe (Chrono Boost)  
  34  4:28  Probe (Chrono Boost)  
  36  4:37  Probe (Chrono Boost)  
  37  4:47  Probe (Chrono Boost)  
  37  4:48  Probe (Chrono Boost)  
  39  4:57  Void Ray  
  39  4:58  Probe (Chrono Boost), Void Ray  
  48  5:07  Pylon  
  48  5:13  Probe (Chrono Boost)  
  49  5:15  Protoss Air Weapons Level 1  
  49  5:18  Probe (Chrono Boost)  
  49  5:19  Pylon  
  50  5:24  Photon Cannon  
  51  5:28  Probe (Chrono Boost)  
  51  5:39  Void Ray x2  
  59  5:45  Stargate  
  59  5:54  Cybernetics Core  
  59  6:15  Nexus  
  59  6:16  Void Ray, Probe (Chrono Boost)  
  59  6:17  Void Ray  
  61  6:19  Probe (Chrono Boost)  
  69  6:28  Pylon, Probe (Chrono Boost)  
  70  6:32  Assimilator  
  70  6:37  Assimilator  
  70  6:39  Pylon  
  70  6:40  Pylon  
  70  6:41  Pylon  
  70  6:46  Void Ray  
  76  6:48  Probe x2 (Chrono Boost)  
  76  6:54  Void Ray x2  
  76  6:56  Fleet Beacon  
  76  7:00  Probe (Chrono Boost)  
  85  7:10  Photon Cannon  
  85  7:12  Protoss Air Armor Level 1, Probe x2 (Chrono Boost)  
  87  7:19  Warp Gate  
  87  7:24  Probe x2 (Chrono Boost)  
  89  7:36  Probe (Chrono Boost)  
  90  7:40  Probe (Chrono Boost)  
  90  7:41  Void Ray x2  
  92  7:45  Probe (Chrono Boost)  
  92  7:46  Probe (Chrono Boost)  
  92  7:51  Void Ray  
  106  7:52  Probe (Chrono Boost)  
  106  7:57  Probe (Chrono Boost)  
  107  8:07  Probe (Chrono Boost)  
  108  8:18  Void Ray x2  
  108  8:20  Pylon  
  108  8:25  Pylon  
  116  8:30  Pylon  
  116  8:33  Pylon  
  116  8:37  Void Ray  
  120  8:53  Protoss Air Armor Level 2  
  120  8:56  Void Ray x2  
  120  8:58  Protoss Air Weapons Level 2  
  128  9:20  Void Ray  
  132  9:39  Void Ray x2  
  140  10:03  Void Ray  
  140  10:05  Protoss Shields Level 1  
  144  10:22  Void Ray  
  148  10:31  Pylon  
  148  10:34  Pylon  
  148  10:38  Pylon  
  148  10:43  Pylon  
  148  10:49  Void Ray x2  
  156  11:04  Protoss Air Weapons Level 3, Void Ray  
  156  11:07  Protoss Air Armor Level 3  
  160  11:32  Void Ray  
  164  11:37  Void Ray  
  168  11:47  Void Ray  
  172  12:14  Void Ray  
  176  12:21  Void Ray  
  180  13:35  Void Ray  
Show
View Real Time Build Order
Export as new Build Order

KraozDanasty Protoss 

Build Orders:  

Get SALT Encoding   

  12  0:02  Probe (Chrono Boost)  
  13  0:12  Probe (Chrono Boost)  
  14  0:23  Pylon  
  14  0:24  Probe (Chrono Boost)  
  15  0:41  Probe (Chrono Boost)  
  16  0:43  Gateway  
  16  0:51  Probe (Chrono Boost)  
  16  0:53  Assimilator  
  17  1:00  Pylon  
  17  1:02  Probe (Chrono Boost)  
  18  1:07  Assimilator  
  19  1:25  Probe (Chrono Boost)  
  19  1:36  Probe (Chrono Boost)  
  20  1:41  Cybernetics Core, Pylon  
  20  1:46  Probe (Chrono Boost)  
  21  1:57  Probe (Chrono Boost)  
  22  2:03  Warp Gate  
  22  2:15  Probe (Chrono Boost)  
  23  2:37  Nexus  
  23  2:42  Probe (Chrono Boost)  
  24  2:51  Gateway  
  24  2:57  Stalker  
  26  3:05  Probe (Chrono Boost)  
  27  3:19  Mothership Core (Chrono Boost)  
  29  3:21  Pylon  
  29  3:27  Stalker  
  31  3:38  Probe (Chrono Boost)  
  32  3:42  Twilight Council  
  32  3:47  Forge  
  34  3:55  Probe (Chrono Boost)  
  34  3:56  Probe (Chrono Boost)  
  34  4:07  Stalker, Pylon  
  36  4:13  Stalker, Blink  
  38  4:24  Photon Cannon  
  38  4:33  Probe x2 (Chrono Boost)  
  40  4:40  Stalker  
  42  4:46  Stalker  
  44  4:55  Probe (Chrono Boost)  
  44  4:56  Probe (Chrono Boost)  
  46  5:11  Stalker x2  
  50  5:16  Gateway, Pylon  
  50  5:20  Probe (Chrono Boost)  
  52  5:22  Probe (Chrono Boost)  
  52  5:34  Stalker  
  52  5:35  Stalker  
  56  5:38  Protoss Ground Weapons Level 1  
  56  5:41  Gateway  
  56  5:46  Probe (Chrono Boost)  
  56  5:47  Probe (Chrono Boost)  
  58  5:54  Forge  
  58  5:58  Stalker  
  58  5:59  Stalker  
  62  6:07  Probe (Chrono Boost)  
  62  6:08  Probe (Chrono Boost)  
  64  6:12  Assimilator  
  64  6:17  Probe (Chrono Boost)  
  65  6:21  Probe (Chrono Boost)  
  65  6:25  Nexus  
  66  6:30  Probe (Chrono Boost)  
  66  6:32  Stalker  
  70  6:33  Probe (Chrono Boost)  
  70  6:47  Assimilator  
  70  6:51  Probe (Chrono Boost)  
  70  6:52  Probe (Chrono Boost)  
  70  6:53  Stalker x3  
  78  6:58  Protoss Ground Armor Level 1  
  78  6:59  Pylon  
  78  7:05  Pylon  
  78  7:08  Pylon  
  78  7:18  Templar Archives  
  78  7:25  Robotics Facility  
  78  7:26  Probe x2 (Chrono Boost)  
  80  7:30  Stalker x2  
  63  7:54  Probe (Chrono Boost)  
  63  7:56  Probe x2 (Chrono Boost)  
  66  8:01  Stalker x3  
  72  8:08  Probe (Chrono Boost)  
  72  8:10  Psionic Storm  
  73  8:14  Observer  
  74  8:23  Probe (Chrono Boost)  
  74  8:25  Probe x2 (Chrono Boost)  
  77  8:40  Probe (Chrono Boost)  
  77  8:41  Stalker, Probe x2 (Chrono Boost)  
  82  8:59  Gateway x2  
  84  9:03  Pylon, Probe (Chrono Boost)  
  84  9:04  Probe x2 (Chrono Boost)  
  85  9:17  Immortal  
  89  9:22  Probe (Chrono Boost)  
  89  9:24  Probe x2 (Chrono Boost)  
  92  9:26  High Templar x2  
  96  9:37  Assimilator  
  96  9:38  Probe (Chrono Boost)  
  99  9:39  Stalker, Probe x2 (Chrono Boost)  
  101  9:52  Assimilator  
  101  9:53  Pylon  
  101  9:57  Pylon  
  103  10:00  Probe (Chrono Boost)  
  103  10:01  Probe x2 (Chrono Boost)  
  104  10:10  Probe (Chrono Boost), Immortal  
  104  10:11  Stalker  
  104  10:13  High Templar, Probe (Chrono Boost)  
  114  10:15  High Templar  
  116  10:26  Protoss Ground Weapons Level 2  
  116  10:28  Protoss Ground Armor Level 2  
  119  10:35  Probe (Chrono Boost)  
  119  10:37  Probe x2 (Chrono Boost)  
  119  10:38  Stalker x3  
  119  10:39  Stalker  
  127  10:52  Stalker  
  127  10:55  Stalker  
  131  10:59  Probe (Chrono Boost)  
  131  11:00  Probe (Chrono Boost)  
  131  11:01  Probe (Chrono Boost)  
  134  11:22  Archon  
  134  11:23  Archon  
  134  11:25  Stalker x3  
  140  11:34  Pylon  
  140  11:36  Pylon  
  139  11:40  Stalker  
  61  12:28  Stalker x6  
  67  12:38  Gateway x2  
  67  12:40  Gateway  
  67  12:41  Gateway  
  67  12:43  Gateway  
Show
View Real Time Build Order
Export as new Build Order

Selvin Protoss 

Build Orders: Zealot Archon, Dark Templar Rush 

Get SALT Encoding   

  12  0:03  Probe (Chrono Boost)  
  13  0:13  Probe (Chrono Boost)  
  14  0:19  Pylon  
  14  0:24  Probe (Chrono Boost)  
  15  0:29  Assimilator  
  15  0:41  Gateway  
  15  0:44  Probe (Chrono Boost)  
  16  0:56  Probe (Chrono Boost)  
  17  1:00  Assimilator  
  17  1:08  Forge  
  17  1:28  Zealot  
  19  1:41  Cybernetics Core  
  19  1:55  Zealot  
  21  2:04  Pylon  
  22  2:08  Probe (Chrono Boost)  
  22  2:13  Warp Gate  
  22  2:25  Twilight Council  
  23  2:37  Probe (Chrono Boost)  
  23  2:46  Stalker  
  23  2:49  Probe (Chrono Boost)  
  26  3:01  Probe (Chrono Boost)  
  27  3:05  Dark Shrine  
  28  3:13  Probe (Chrono Boost)  
  28  3:17  Stalker  
  30  3:32  Gateway  
  30  3:42  Photon Cannon  
  30  3:57  Pylon  
  30  4:11  Gateway  
  30  4:14  Stalker  
  32  4:21  Gateway  
  32  4:28  Dark Templar  
  34  5:13  Dark Templar x2  
  38  5:20  Protoss Ground Weapons Level 1  
  36  5:32  Archon  
  36  5:46  Pylon  
  36  5:49  Pylon  
  36  5:52  Pylon  
  36  5:54  Gateway  
  36  5:57  Gateway  
  36  6:05  Nexus  
  36  6:07  Pylon, Dark Templar  
  38  6:25  Gateway  
  38  6:31  Forge  
  38  6:39  Dark Templar  
  40  6:44  Dark Templar  
  40  6:46  Archon  
  42  7:07  Protoss Ground Armor Level 1  
  42  7:16  Dark Templar  
  42  7:17  Dark Templar  
  42  7:18  Dark Templar  
  42  7:22  Archon x2  
  48  7:28  Probe (Chrono Boost)  
  50  7:30  Probe (Chrono Boost)  
  50  7:39  Probe (Chrono Boost)  
  50  7:42  Probe (Chrono Boost)  
  52  7:57  Dark Templar x2  
  52  7:58  Dark Templar  
  58  8:01  Archon, Protoss Ground Weapons Level 2  
  58  8:07  Assimilator  
  58  8:08  Probe (Chrono Boost)  
  58  8:09  Probe (Chrono Boost)  
  58  8:11  Assimilator  
  60  8:17  Pylon  
  61  8:21  Probe (Chrono Boost)  
  61  8:35  Probe (Chrono Boost)  
  61  8:37  Probe (Chrono Boost)  
  61  8:39  Dark Templar  
  65  8:47  Archon  
  66  8:49  Probe (Chrono Boost)  
  66  8:58  Dark Templar  
  66  8:59  Dark Templar  
  70  9:03  Archon  
  70  9:05  Probe (Chrono Boost)  
  70  9:06  Probe (Chrono Boost)  
  72  9:12  Pylon  
  72  9:14  Protoss Ground Armor Level 2  
  72  9:15  Probe (Chrono Boost)  
  74  9:18  Probe (Chrono Boost)  
  74  9:37  Probe (Chrono Boost)  
  76  9:39  Probe (Chrono Boost)  
  76  9:49  Probe (Chrono Boost)  
  76  9:51  Probe (Chrono Boost)  
  79  10:01  Probe (Chrono Boost)  
  79  10:03  Probe (Chrono Boost)  
  80  10:13  Probe (Chrono Boost), Nexus  
  81  10:15  Pylon  
  81  10:17  Pylon  
  81  10:23  Dark Templar  
  81  10:25  Dark Templar  
  85  10:30  Archon  
  85  10:53  Assimilator  
  85  10:58  Assimilator  
  85  11:04  Pylon  
  85  11:05  Pylon  
  85  11:07  Pylon, Dark Templar x2  
  85  11:08  Dark Templar x2  
  77  11:16  Archon x2  
  34  12:06  Dark Templar  
  34  12:07  Dark Templar x3  
Show
View Real Time Build Order
Export as new Build Order

THCnero Zerg 

Build Orders: Hatch First, Lurkers 

Get SALT Encoding   

  12  0:01  Drone  
  13  0:12  Overlord  
  13  0:16  Drone  
  14  0:41  Hatchery  
  13  0:58  Spawning Pool  
  12  1:20  Drone x2  
  12  1:21  Drone  
  15  1:43  Extractor  
  15  1:44  Overlord  
  14  2:00  Queen x2  
  18  2:08  Drone  
  19  2:09  Drone  
  19  2:13  Drone  
  21  2:18  Drone  
  22  2:23  Drone  
  22  2:27  Drone  
  24  2:32  Drone  
  24  2:36  Drone  
  26  2:41  Drone  
  26  2:44  Drone  
  28  2:46  Drone  
  28  2:49  Drone  
  30  2:56  Metabolic Boost  
  30  3:01  Zergling x4  
  32  3:07  Overlord  
  32  3:12  Overlord  
  32  3:24  Drone  
  32  3:25  Roach Warren  
  32  3:30  Lair  
  32  3:37  Extractor  
  32  3:39  Extractor  
  30  3:41  Extractor  
  30  3:48  Drone x3  
  32  3:49  Drone x3  
  32  3:55  Drone x2  
  37  3:56  Drone  
  37  3:58  Drone  
  37  4:01  Drone  
  40  4:03  Drone  
  40  4:06  Drone  
  40  4:08  Drone  
  43  4:11  Drone  
  44  4:19  Drone x3  
  47  4:29  Drone  
  47  4:30  Hydralisk Den  
  47  4:35  Evolution Chamber  
  47  4:36  Evolution Chamber  
  44  4:42  Overlord  
  44  4:43  Overlord  
  44  4:54  Roach x3  
  49  5:10  Drone x2  
  49  5:11  Lurker Den  
  49  5:13  Hydralisk  
  53  5:14  Hydralisk  
  56  5:21  Zergling x2  
  56  5:22  Zergling x8  
  56  5:28  Glial Reconstitution  
  60  5:30  Zerg Missile Weapons Level 1  
  60  5:34  Zerg Ground Armor Level 1  
  60  5:50  Hatchery  
  60  5:51  Queen  
  61  6:02  Spore Crawler  
  61  6:03  Spore Crawler x2  
  58  6:05  Drone, Spore Crawler  
  58  6:06  Drone  
  58  6:09  Drone  
  60  6:11  Drone  
  61  6:25  Spore Crawler x2  
  59  6:26  Spore Crawler  
  59  6:27  Drone, Spore Crawler  
  59  6:29  Drone  
  59  6:31  Drone  
  60  6:34  Drone  
  61  6:46  Overlord x2  
  61  6:48  Overlord  
  61  6:58  Lurker x2  
  63  7:02  Drone  
  63  7:03  Drone x4  
  63  7:04  Drone  
  63  7:06  Drone  
  71  7:08  Drone  
  71  7:10  Drone  
  71  7:12  Drone  
  71  7:14  Drone  
  74  7:16  Drone  
  74  7:18  Drone  
  74  7:19  Drone  
  74  7:21  Drone  
  78  7:27  Extractor x2  
  78  7:29  Drone x3  
  79  7:33  Drone x3  
  82  7:38  Overseer x2  
  82  8:00  Overlord  
  82  8:01  Overlord x8  
  82  8:09  Spore Crawler  
  82  8:11  Spore Crawler  
  80  8:13  Spore Crawler  
  80  8:14  Drone x4, Spore Crawler  
  80  8:19  Drone  
  83  8:21  Spore Crawler  
  82  8:37  Roach x9  
  100  8:58  Queen  
  102  9:06  Overlord x2  
  102  9:07  Hatchery, Overlord x4  
  101  9:26  Zerg Missile Weapons Level 2, Zerg Ground Armor Level 2  
  101  9:30  Drone  
  102  9:32  Infestation Pit  
  101  9:47  Hydralisk  
  101  9:48  Hydralisk x10  
  123  10:17  Extractor  
  123  10:18  Drone  
  123  10:31  Lurker x4  
  123  10:32  Lurker x4  
  123  10:34  Hydralisk  
  123  10:35  Hydralisk x12  
  157  10:57  Drone x3  
  157  11:00  Drone x2  
  157  11:01  Drone, Extractor  
  162  11:10  Hydralisk  
  162  11:11  Hydralisk x7  
  178  11:39  Roach x2  
  180  11:40  Roach x10  
  113  12:13  Zergling x18  
  120  12:37  Roach  
  120  12:38  Roach x5  
  132  13:00  Hydralisk  
  132  13:01  Hydralisk x7  
  148  13:13  Hydralisk x10  
  138  13:54  Hydralisk x3  
  138  13:55  Hydralisk x15  
Tags
 
Add a new tag
Caveats
  • Supply blocks, unpowered buildings, or Contaminate may cause inaccurate times.
  • Supply counts are checked every 10 seconds.